 Dungeon Sprint DCSS version 0.19-a0-231-gae044c8 (console) character file.

4 Kellhus the Slasher (level 1, 11/16 HPs)
             Began as a Demonspawn Gladiator on May 24, 2016.
             Quit the game in the Dungeon (Sprint VII: "The Pits").
             The game lasted 00:00:32 (76 turns).

Kellhus the Slasher (Demonspawn Gladiator)            Turns: 76, Time: 00:00:32

Health: 11/16      AC:  4    Str: 15    XL:     1   Next: 58%
Magic:  1/1        EV: 12    Int:  9    God:
Gold:   0          SH:  0    Dex: 13    Spells: 0 memorised, 0 levels left

rFire  . . .     SeeInvis .     l - +2 falchion
rCold  . . .     Gourm    .     b - +0 leather armour
rNeg   . . .     Faith    .     (no shield)
rPois  .         Spirit   .     c - +0 helmet
rElec  .         Dismiss  .     (no cloak)
rCorr  .         Reflect  .     (no gloves)
SustAt .         Harm     .     (no boots)
MR     .....     NoTele   +     (no amulet)
Stlth  +.........               (no ring)
                                (no ring)

@: not resistant to hostile enchantments, very unstealthy
A: no striking features
a: no special abilities


You were in the Dungeon.
You were not hungry.

You visited 1 branch

Inventory:

Hand Weapons
 a - a +0 long sword
 l - a +2 falchion (weapon)
Missiles
 d - 3 throwing nets (quivered)
Armour
 b - a +0 leather armour (worn)
 c - a +0 helmet (worn)
Scrolls
 k - a scroll of blinking
Potions
 e - a potion of curing
 g - a potion of heal wounds
 h - a potion of haste
 i - 2 potions of magic
 j - a potion of berserk rage
Comestibles
 f - a bread ration


   Skills:
 - Level 2.0 Fighting
 + Level 4.0 Long Blades
 - Level 1.7 Throwing
 - Level 2.6 Dodging


You couldn't memorise any spells.
You didn't know any spells.

Dungeon Overview and Level Annotations

Branches:
Dungeon (1/1)

Altars:
Ashenzari
Cheibriados
Dithmenos
Elyvilon
Fedhas
Gozag
Kikubaaqudgha
Makhleb
Nemelex Xobeh
Okawaru
Pakellas
Qazlal
Ru
Sif Muna
Trog
Vehumet
Xom
Yredelemnul
Zin
The Shining One
Beogh
Jiyva
Lugonu


Message History

There is an iron altar of Okawaru here.
There is a roughly hewn altar of Beogh here.
There is a blossoming altar of Fedhas here.
There is a snail-covered altar of Cheibriados here.
There is a viscous altar of Jiyva here.
There is a snail-covered altar of Cheibriados here.
There is a white marble altar of Elyvilon here.
There is a corrupted altar of Lugonu here.
There is a sparkling altar of Nemelex Xobeh here.
There is a shimmering altar of Xom here.
There is a shadowy altar of Dithmenos here.
There is a sacrificial altar of Ru here.
There is a deep blue altar of Sif Muna here.
There is a burning altar of Makhleb here.
There is a basalt altar of Yredelemnul here.
There is a glowing golden altar of the Shining One here.
There is an ancient bone altar of Kikubaaqudgha here.
There is a glowing silver altar of Zin here.
There is a shattered altar of Ashenzari here.
Are you sure you want to abandon this character and quit the game? (Confirm with "yes".)

############
#__________#
#_________@#
#_#####'##############++
#_#)))'.+ #...........
#_#)).#.# #......#..#.
#######'#####...........
#...........'...........
#+#####+#####......#..#.
#...........
####'#####++


There were no monsters in sight!

Vanquished Creatures
  An ooze (D)
1 creature vanquished.

Notes
Turn   | Place    | Note
--------------------------------------------------------------
     0 | D        | Kellhus the Demonspawn Gladiator began the quest for the Orb.
     0 | D        | Reached XP level 1. HP: 16/16 MP: 1/1
    19 | D        | Reached skill level 4 in Long Blades
    38 | D        | Found a sacrificial altar of Ru.
    38 | D        | Found a basalt altar of Yredelemnul.
    38 | D        | Found a glowing golden altar of the Shining One.
    38 | D        | Found a deep blue altar of Sif Muna.
    38 | D        | Found a burning altar of Makhleb.
    38 | D        | Found an ancient bone altar of Kikubaaqudgha.
    38 | D        | Found a glowing silver altar of Zin.
    39 | D        | Found a shadowy altar of Dithmenos.
    39 | D        | Found a bloodstained altar of Trog.
    39 | D        | Found a shattered altar of Ashenzari.
    39 | D        | Found a white marble altar of Elyvilon.
    39 | D        | Found a snail-covered altar of Cheibriados.
    39 | D        | Found a blossoming altar of Fedhas.
    39 | D        | Found a radiant altar of Vehumet.
    39 | D        | Found a shimmering altar of Xom.
    39 | D        | Found a sparkling altar of Nemelex Xobeh.
    39 | D        | Found a corrupted altar of Lugonu.
    39 | D        | Found a viscous altar of Jiyva.
    39 | D        | Found a roughly hewn altar of Beogh.
    39 | D        | Found an iron altar of Okawaru.
    40 | D        | Found an oddly glowing altar of Pakellas.
    49 | D        | Found a stormy altar of Qazlal.
    49 | D        | Found an opulent altar of Gozag.
    76 | D        | Quit the game

Vault maps used:
D:        pitsprint

Skill      XL: |  1 |
---------------+----+-----
Long Blades    | 4 |  4.0
Fighting       | |  2.0
Throwing       | |  1.7
Dodging        | |  2.6

Action                   || total
-------------------------++-------
Melee: Long sword        ||     9
Armor: Leather armour    ||     1
Dodge: Dodged            ||     5
